 Dungeon Crawl Stone Soup version 0.29.1-15-g9cfb28693d (webtiles) character file.

Game seed: 7200849195011760637

45 Artool the Cudgeller (level 3, -2/28 HPs)
             Began as a Demonspawn Gladiator on Apr 5, 2023.
             Slain by a gnoll
             ... wielding a +0 flail
              (8 damage)
             ... on level 3 of the Dungeon.
             The game lasted 00:04:44 (1620 turns).

Artool the Cudgeller (Demonspawn Gladiator)         Turns: 1620, Time: 00:04:44

Health: -2/28      AC:  4    Str: 14    XL:     3   Next: 42%
Magic:  3/3        EV: 12    Int:  9    God:
Gold:   105        SH:  0    Dex: 16    Spells: 2/2 levels left

rFire   x . .      SeeInvis .   a - +0 flail
rCold   + . .      Faith    .   (no shield)
rNeg    . . .      Spirit   .   k - +0 leather armour
rPois   .          Reflect  .   c - +0 helmet
rElec   .          Harm     .   (no cloak)
rCorr   .          Rampage  .   (no gloves)
Will    .....                   (no boots)
Stlth   +.........              (no amulet)
HPRegen 0.09/turn               f - ring of ice
MPRegen 0.08/turn               (no ring)

@: mighty
A: hooves 1, powered by pain 1
a: no special abilities


You were on level 3 of the Dungeon.
You visited 1 branch of the dungeon, and saw 3 of its levels.

You collected 105 gold pieces.

Inventory:

Hand Weapons
 a - a +0 flail (weapon)
 b - a +2 sling of flaming
Missiles
 d - 3 throwing nets (quivered)
 e - a javelin
 i - 4 boomerangs
 l - 33 stones
Armour
 c - a +0 helmet (worn)
 k - a +0 leather armour (worn)
Jewellery
 f - a ring of ice (left hand)
Scrolls
 g - a scroll of amnesia {unknown}
 h - 4 scrolls of magic mapping {unknown}
Potions
 j - a potion of flight {unknown}


   Skills:
 + Level 2.5 Fighting
 + Level 3.1 Maces & Flails
 - Level 2.0 Throwing
 + Level 1.1 Armour
 + Level 3.0 Dodging


You had 2 spell levels left.
You didn't know any spells.
Your spell library was empty.

Dungeon Overview and Level Annotations

Branches:
Dungeon (3/15)

Altars:


Innate Abilities, Weirdness & Mutations

You have large cloven feet.
You sometimes gain a little power by taking damage.


Message History

The gnoll hits you with a +0 spear.
A gnoll comes into view. It is wielding a +0 flail.
There are monsters nearby!
You closely miss the gnoll. You kick the gnoll.
The gnoll is heavily wounded.
The gnoll closely misses you. x2
You hit the gnoll. You kick the gnoll.
The gnoll is almost dead.
The gnoll barely misses you.
You barely miss the gnoll.
The gnoll is almost dead.
The gnoll misses you. The gnoll closely misses you.
You hit the gnoll.
You kill the gnoll!
The gnoll closely misses you. The gnoll closely misses you.
You see here a +0 spear.
You barely miss the gnoll. You kick the gnoll.
The gnoll is heavily wounded.
The gnoll closely misses you. x2; The gnoll hits you with a +0 spear!
You hit the gnoll but do no damage.
The gnoll is heavily wounded.
The gnoll closely misses you. The gnoll hits you with a +0 flail!
You focus on the pain.
You feel very mighty all of a sudden.
You are too injured to fight recklessly!
You are too injured to fight recklessly!
You are too injured to fight recklessly!
You are too injured to fight recklessly!
Unknown command.
The gnoll attacks as you move away! The gnoll hits you but does no damage.
The gnoll attacks as you move away! The gnoll hits you with a +0 spear.
* * * LOW HITPOINT WARNING * * *
The gnoll hits you but does no damage. The gnoll attacks as you move away!
The gnoll barely misses you. The gnoll attacks as you move away!
The gnoll barely misses you. The gnoll attacks as you move away!
The gnoll hits you with a +0 flail.
* * * LOW HITPOINT WARNING * * *
The gnoll attacks as you move away! The gnoll hits you with a +0 flail!
You die...

### #.# #########
#.####........
#>.....#######
#.#..### #.#..#
#.#..####
#.#.....###
#.#@###.#.#
#.#g#.....#
..#####.#.#...#.#
.......g#g#####.#
...##.#g#g#.....#
..#..#)#.#.###.#
..........#.# ###
...##.##..#.#
............#


You could see 3 gnolls.

Vanquished Creatures
  2 gnolls
  A dart slug (D:3)
  A ball python (D:1)
  An endoplasm (D:1)
  3 giant cockroaches (D:1)
  3 goblins
  A hobgoblin (D:1)
  3 kobolds (D:1)
  A quokka (D:2)
  3 bats
  A frilled lizard (D:1)
  4 rats
24 creatures vanquished.

Notes
Turn   | Place    | Note
-------+----------+-------------------------------------------
     0 | D:1      | Artool the Demonspawn Gladiator began the quest for the
                  | Orb.
     0 | D:1      | Reached XP level 1. HP: 16/16 MP: 1/1
   259 | D:1      | Gained mutation: You sometimes gain a little power by
                  | taking damage. [demonic ancestry]
   259 | D:1      | Reached XP level 2. HP: 15/22 MP: 2/2
  1394 | D:2      | Found a faded altar of an unknown god.
  1461 | D:2      | Reached skill level 1 in Armour
  1461 | D:2      | Gained mutation: You have large cloven feet. [demonic
                  | ancestry]
  1461 | D:2      | Reached XP level 3. HP: 19/28 MP: 3/3
  1620 | D:3      | Slain by a gnoll

Illustrated notes

Levels and vault maps discovered:
D:1:      nagdon_arrival_double_spiral, layout_basic, minmay_misc_feat_room
D:2:      layout_basic, hellmonk_ecumenical_altar_crossroads, basic_altar
D:3:      layout_basic, kiku_gazebo_pond_becter, nicolae_sif_muna_condensation

Skill      XL: |  1  2 |
---------------+-------+-----
Throwing       | 2 |  2.0
Maces & Flails | 3 |  3.1
Armour         | 1 |  1.1
Dodging        | 3 |  3.0
Fighting       | |  2.5

Action                   || total
-------------------------++-------
Melee: Flail             ||    60
       Punch             ||     1
       Kick              ||     6
 Fire: Sling             ||    15
 Stab: Sleeping          ||     1
Armor: Leather armour    ||    26
Dodge: Dodged            ||    51
